Map: Fastest Monsoon Ever

Players

dysonfam

  • Race: Protoss Protoss
  • Spawn Location: 6:00

Liam - Winner!

  • Race: Protoss Protoss
  • Spawn Location: 12:00

VOD

Have the link to the VOD?

Description

Time

  • Played on: Jan. 23, 2017, 12:19 a.m.
  • Length: 10:18
Show
View Real Time Build Order
Export as new Build Order

dysonfam Protoss 

Build Orders: 1 Gate Expand, Cannon Rush, Forge Fast Expand (FFE) 

Get SALT Encoding   

  12  0:00  Probe x4 (Chrono Boost)  
  14  0:13  Pylon  
  16  0:16  Forge  
  16  0:23  Photon Cannon  
  16  0:25  Photon Cannon  
  16  0:33  Photon Cannon  
  16  0:36  Pylon  
  16  0:38  Photon Cannon  
  16  0:45  Pylon  
  16  0:47  Photon Cannon  
  16  0:49  Probe x6 (Chrono Boost)  
  16  0:50  Probe x6 (Chrono Boost)  
  16  0:51  Probe (Chrono Boost)  
  16  0:55  Gateway  
  16  0:56  Probe x9 (Chrono Boost)  
  16  0:57  Probe (Chrono Boost)  
  38  1:19  Zealot  
  38  1:20  Nexus, Zealot x17  
  35  1:36  Zealot  
  35  1:37  Zealot x4  
  35  1:41  Pylon  
  35  1:45  Photon Cannon, Gateway  
  35  1:46  Photon Cannon  
  37  1:50  Zealot  
  37  1:51  Photon Cannon, Zealot x4  
  71  1:55  Photon Cannon  
  71  1:57  Zealot x3  
  71  1:58  Zealot  
  71  1:59  Zealot  
  71  2:01  Pylon, Zealot  
  71  2:02  Gateway  
  71  2:04  Photon Cannon  
  71  2:05  Zealot  
  71  2:07  Zealot  
  71  2:08  Photon Cannon, Zealot  
  81  2:09  Zealot  
  81  2:15  Photon Cannon  
  81  2:17  Photon Cannon, Zealot x5  
  81  2:18  Zealot x2  
  81  2:19  Zealot  
  81  2:20  Probe x2 (Chrono Boost)  
  81  2:21  Photon Cannon, Probe x2 (Chrono Boost), Zealot  
  81  2:22  Zealot  
  92  2:37  Zealot x6  
  98  2:38  Zealot x3  
  84  2:48  Pylon  
  84  2:49  Zealot x2  
  84  2:50  Zealot x3  
  84  2:51  Zealot  
  92  2:52  Zealot  
  92  2:53  Photon Cannon, Zealot  
  92  2:54  Photon Cannon, Zealot  
  92  2:55  Zealot  
  92  2:57  Zealot  
  92  2:58  Photon Cannon, Zealot  
  74  2:59  Zealot  
  74  3:02  Pylon, Zealot  
  74  3:03  Zealot x2  
  74  3:04  Zealot  
  74  3:05  Zealot  
  86  3:06  Zealot  
  86  3:07  Zealot  
  86  3:08  Zealot  
  86  3:09  Photon Cannon, Zealot  
  86  3:10  Zealot  
  86  3:11  Photon Cannon  
  86  3:12  Zealot  
  84  3:14  Photon Cannon  
  95  3:25  Zealot x2  
  95  3:26  Zealot x4  
  95  3:27  Zealot  
  103  3:31  Zealot x5  
  103  3:33  Zealot  
  103  3:34  Probe x5 (Chrono Boost), Zealot  
  107  3:35  Probe (Chrono Boost)  
  113  3:47  Zealot  
  113  3:48  Photon Cannon, Pylon, Zealot x12  
  109  3:49  Zealot  
  109  3:51  Gateway  
  117  3:57  Zealot x5  
  117  4:04  Zealot x5  
  117  4:06  Zealot  
  101  4:11  Pylon, Zealot  
  101  4:12  Zealot x4  
  101  4:13  Zealot  
  101  4:14  Zealot  
  101  4:15  Photon Cannon, Zealot  
  101  4:16  Zealot x2  
  109  4:18  Zealot  
  109  4:19  Zealot  
  109  4:20  Zealot x2  
  109  4:21  Photon Cannon, Zealot  
  109  4:22  Zealot  
  101  4:24  Photon Cannon, Zealot x2  
  101  4:29  Photon Cannon  
  101  4:30  Zealot  
  101  4:31  Zealot x6  
  91  4:32  Zealot  
  91  4:33  Pylon, Zealot  
  91  4:34  Photon Cannon, Zealot  
  91  4:36  Zealot  
  91  4:37  Zealot x2  
  69  4:47  Zealot x4  
  69  4:48  Zealot  
  69  4:49  Zealot x2  
  69  4:51  Zealot x2  
  51  4:53  Charge  
  51  4:56  Probe (Chrono Boost)  
  51  4:57  Probe x2 (Chrono Boost)  
  51  4:58  Probe (Chrono Boost)  
  51  4:59  Probe x8 (Chrono Boost)  
  58  5:00  Probe x2 (Chrono Boost)  
  58  5:02  Zealot x7  
  58  5:03  Zealot x8  
  129  5:37  Zealot x12  
  129  5:38  Zealot x20  
  129  5:40  Zealot x6  
  129  5:41  Zealot x5  
  129  5:42  Zealot  
  129  5:43  Pylon  
  129  5:44  Zealot x2  
  129  5:45  Zealot  
  129  5:46  Zealot x2  
  129  5:48  Probe x3 (Chrono Boost)  
  129  5:49  Probe x2 (Chrono Boost)  
  129  5:50  Cybernetics Core  
  129  5:54  Zealot x6  
  129  5:55  Zealot x4  
  129  5:56  Zealot  
  125  5:57  Zealot  
  125  5:59  Assimilator  
  125  6:02  Zealot  
  125  6:03  Zealot x8  
  126  6:08  Zealot x4  
  126  6:09  Zealot  
  190  6:12  Zealot  
  190  6:13  Zealot x5  
  190  6:16  Zealot  
  190  6:17  Twilight Council, Zealot x4  
  174  6:18  Zealot  
  174  6:19  Zealot  
  174  6:20  Zealot  
  174  6:21  Zealot x2  
  174  6:22  Zealot  
  174  6:24  Zealot x3  
  174  6:25  Zealot  
  170  6:27  Zealot  
  170  6:28  Zealot x3  
  170  6:29  Zealot  
  170  6:30  Zealot  
  170  6:31  Zealot x2  
  170  6:32  Zealot  
  172  6:33  Zealot x2  
  172  6:34  Zealot  
  172  6:35  Zealot  
  172  6:36  Zealot  
  174  6:47  Zealot x5  
  174  6:48  Zealot x11  
  192  7:06  Zealot  
  192  7:07  Zealot x17  
  192  7:08  Zealot x8  
  172  7:09  Zealot  
  172  7:10  Zealot  
  180  7:19  Stalker  
  180  7:20  Stalker x11  
  180  7:21  Stalker  
  164  7:45  Pylon  
  164  7:48  Gateway  
  144  7:59  Photon Cannon x2  
  144  8:02  Photon Cannon, Probe (Chrono Boost)  
  144  8:03  Photon Cannon, Probe x6 (Chrono Boost)  
  126  8:06  Photon Cannon  
  126  8:07  Photon Cannon  
  126  8:11  Photon Cannon  
  115  8:17  Pylon  
  104  8:28  Zealot  
  104  8:29  Zealot  
  104  8:30  Photon Cannon  
  104  8:33  Photon Cannon  
  100  8:34  Photon Cannon  
  100  8:36  Photon Cannon  
  100  8:41  Photon Cannon  
  98  8:45  Pylon  
  98  8:47  Photon Cannon  
  86  8:49  Photon Cannon  
  86  8:53  Gateway  
  86  8:55  Photon Cannon  
  63  9:00  Photon Cannon  
  57  9:04  Pylon  
  57  9:06  Photon Cannon  
  57  9:09  Photon Cannon  
  47  9:13  Photon Cannon  
Show
View Real Time Build Order
Export as new Build Order

Liam Protoss - Winner!

Build Orders: Double Forge, Forge Fast Expand (FFE), Nexus First, Blink Stalkers, Colossus Rush 

Get SALT Encoding   

  12  0:00  Probe x5 (Chrono Boost)  
  12  0:01  Probe (Chrono Boost)  
  18  0:14  Pylon  
  18  0:16  Probe x2 (Chrono Boost)  
  18  0:17  Forge  
  18  0:18  Probe (Chrono Boost), Warp Gate  
  18  0:19  Probe x2 (Chrono Boost)  
  18  0:20  Photon Cannon, Probe x2 (Chrono Boost)  
  18  0:21  Probe (Chrono Boost)  
  18  0:24  Photon Cannon  
  21  0:28  Probe (Chrono Boost)  
  21  0:29  Probe x3 (Chrono Boost)  
  21  0:30  Probe x2 (Chrono Boost)  
  25  0:37  Assimilator  
  25  0:38  Assimilator  
  25  0:41  Blink  
  25  0:42  Probe (Chrono Boost)  
  31  0:43  Probe x3 (Chrono Boost)  
  31  0:44  Probe (Chrono Boost)  
  31  0:45  Probe (Chrono Boost)  
  31  0:46  Probe (Chrono Boost)  
  31  0:47  Probe x2 (Chrono Boost)  
  31  0:48  Probe (Chrono Boost)  
  30  0:50  Nexus  
  30  0:51  Assimilator, Probe x2 (Chrono Boost)  
  30  0:52  Probe x2 (Chrono Boost)  
  30  0:53  Probe x2 (Chrono Boost)  
  37  1:01  Assimilator  
  37  1:02  Probe x4 (Chrono Boost), Charge  
  37  1:03  Probe x2 (Chrono Boost), Resonating Glaives  
  46  1:04  Probe (Chrono Boost)  
  46  1:05  Probe x3 (Chrono Boost)  
  46  1:06  Probe (Chrono Boost)  
  46  1:07  Probe x2 (Chrono Boost)  
  46  1:08  Probe x2 (Chrono Boost)  
  46  1:09  Probe x3 (Chrono Boost)  
  46  1:10  Probe (Chrono Boost), Nexus  
  46  1:11  Probe x3 (Chrono Boost)  
  46  1:12  Probe (Chrono Boost), Zealot  
  46  1:13  Assimilator, Zealot x6  
  46  1:15  Probe x2 (Chrono Boost)  
  46  1:16  Probe (Chrono Boost)  
  46  1:17  Assimilator, Probe x4 (Chrono Boost)  
  46  1:18  Probe x4 (Chrono Boost)  
  80  1:36  Probe (Chrono Boost), Pylon  
  80  1:37  Probe x13 (Chrono Boost), Pylon  
  80  1:38  Probe x8 (Chrono Boost), Pylon, Gateway  
  80  1:39  Probe x3 (Chrono Boost), Pylon  
  82  1:40  Probe (Chrono Boost)  
  82  1:41  Pylon, Zealot x8  
  82  1:42  Pylon, Zealot x9  
  82  1:46  Pylon, Nexus  
  92  1:48  Assimilator  
  92  1:50  Stalker x6  
  92  1:51  Stalker  
  92  1:52  Assimilator, Zealot x5  
  99  1:58  Zealot x3  
  99  1:59  Zealot x8  
  99  2:00  Forge  
  86  2:02  Forge  
  86  2:04  Gateway  
  86  2:06  Forge, Gateway x2  
  86  2:07  Cybernetics Core  
  83  2:09  Stalker x4  
  83  2:10  Cybernetics Core, Protoss Ground Weapons Level 1  
  103  2:18  Twilight Council  
  123  2:24  Immortal x3  
  123  2:25  Immortal x8  
  123  2:26  Probe (Chrono Boost), Immortal x5  
  123  2:27  Probe x20 (Chrono Boost), Immortal x2  
  135  2:33  Nexus  
  132  2:41  Probe (Chrono Boost)  
  132  2:42  Warp Prism  
  154  2:45  Protoss Ground Armor Level 1, Protoss Shields Level 1  
  138  2:57  Robotics Facility  
  119  2:59  Probe x10 (Chrono Boost)  
  119  3:00  Probe x9 (Chrono Boost)  
  119  3:01  Zealot  
  119  3:02  Zealot x25  
  119  3:03  Zealot x20  
  165  3:11  Immortal x2  
  165  3:12  Immortal x2  
  174  3:23  Stalker x4  
  174  3:24  Stalker x6  
  174  3:25  Stalker x4  
  204  3:36  Nexus  
  204  3:40  Assimilator  
  179  3:43  Assimilator  
  179  3:46  Nexus  
  199  3:56  Probe x2 (Chrono Boost)  
  199  3:57  Probe x4 (Chrono Boost)  
  199  4:01  Zealot  
  199  4:02  Zealot x16  
  183  4:03  Zealot x9  
  183  4:04  Zealot x8  
  183  4:05  Zealot x2  
  183  4:06  Zealot x10  
  183  4:07  Zealot x21  
  179  4:12  Pylon x2  
  179  4:13  Pylon  
  179  4:14  Pylon x2  
  179  4:15  Pylon, Gateway x3  
  179  4:17  Cybernetics Core x2  
  163  4:18  Forge  
  163  4:19  Forge  
  163  4:20  Forge  
  163  4:21  Robotics Bay  
  143  4:26  Dark Shrine  
  143  4:31  Probe x5 (Chrono Boost)  
  195  4:32  Probe x14 (Chrono Boost)  
  195  4:33  Probe x5 (Chrono Boost)  
  253  4:40  Nexus  
  253  4:42  Assimilator  
  253  4:45  Probe x4 (Chrono Boost)  
  251  4:46  Assimilator, Probe x2 (Chrono Boost)  
  251  4:47  Pylon x2, Observer x2  
  251  4:48  Pylon x2, Observer x4, Gateway  
  251  4:50  Gateway  
  251  4:51  Robotics Facility, Gateway  
  241  4:53  Photon Cannon, Stargate  
  241  4:55  Photon Cannon x2  
  241  4:57  Photon Cannon  
  241  4:59  Photon Cannon, Observer  
  239  5:00  Extended Thermal Lance, Observer x4  
  239  5:01  Photon Cannon, Observer  
  239  5:02  Photon Cannon  
  237  5:10  Protoss Ground Weapons Level 2  
  237  5:14  Protoss Air Weapons Level 1  
  243  5:18  Zealot x3  
  243  5:19  Zealot x20  
  242  5:24  Assimilator  
  242  5:25  Stalker x3  
  242  5:26  Assimilator  
  242  5:27  Probe x2 (Chrono Boost), Pylon  
  242  5:28  Probe x3 (Chrono Boost), Pylon  
  246  5:29  Probe x3 (Chrono Boost), Pylon  
  246  5:31  Colossus x5  
  246  5:32  Colossus x3, Cybernetics Core  
  246  5:35  Cybernetics Core, Stargate, Gateway  
  246  5:36  Gateway x2  
  246  5:38  Robotics Bay  
  246  5:40  Dark Templar x4  
  246  5:42  Pylon x2  
  253  5:43  Gravitic Drive  
  253  5:44  Observer Gravitic Boosters, Gateway x2  
  253  5:48  Stalker  
  298  5:50  Probe x4 (Chrono Boost)  
  298  5:51  Zealot x3  
  298  5:52  Zealot  
  298  5:53  Observer  
  298  5:54  Observer x2  
  300  5:59  Protoss Ground Armor Level 2, Photon Cannon x2, Protoss Shields Level 2  
  300  6:01  Photon Cannon  
  300  6:02  Photon Cannon, Zealot x2  
  300  6:03  Pylon, Zealot x2  
  286  6:04  Zealot x4  
  286  6:05  Photon Cannon x2, Zealot  
  286  6:06  Photon Cannon x2, Pylon  
  286  6:09  Photon Cannon  
  286  6:10  Photon Cannon  
  276  6:14  Dark Shrine  
  257  6:21  Zealot x5  
  257  6:22  Photon Cannon, Anion Pulse-Crystals, Zealot x6  
  257  6:23  Zealot x6  
  257  6:24  Photon Cannon, Zealot x5  
  257  6:25  Photon Cannon, Pylon, Zealot x6  
  268  6:26  Zealot x5  
  268  6:27  Zealot x6  
  268  6:28  Zealot  
  268  6:30  Graviton Catapult  
  295  6:33  Probe x3 (Chrono Boost)  
  261  6:44  Zealot x2  
  261  6:45  Zealot x5  
  261  6:46  Zealot  
  234  6:47  Pylon  
  234  6:48  Pylon  
  234  6:50  Pylon  
  278  6:57  Probe x2 (Chrono Boost)  
  278  6:58  Probe (Chrono Boost)  
  278  7:00  Disruptor  
  263  7:01  Dark Templar  
  263  7:02  Dark Templar x4, Zealot x3  
  263  7:03  Dark Templar x5, Zealot x6  
  263  7:04  Zealot  
  263  7:08  Protoss Air Armor Level 1  
  250  7:10  Probe (Chrono Boost)  
  246  7:16  Carrier  
  246  7:17  Carrier x9  
  246  7:18  Gateway  
  246  7:19  Sentry  
  231  7:23  Fleet Beacon  
  240  7:47  Pylon  
  240  7:48  Pylon  
  240  8:01  Probe (Chrono Boost)  
  240  8:04  Zealot  
  240  8:05  Zealot x5  
  230  8:06  Zealot x5  
  230  8:07  Zealot x6  
  230  8:08  Dark Templar x3, Zealot x6  
  230  8:09  Dark Templar x3, Zealot x4  
  230  8:10  Zealot x4  
  230  8:12  Dark Templar  
  212  8:15  Assimilator  
  212  8:16  Pylon  
  212  8:18  Pylon  
  204  8:20  Photon Cannon  
  204  8:22  Photon Cannon  
  204  8:23  Photon Cannon  
  204  8:25  Photon Cannon  
  204  8:26  Photon Cannon  
  199  8:29  Photon Cannon  
  299  8:51  Zealot x3  
  299  8:52  Zealot x7  
  299  8:53  Zealot x6  
  299  8:54  Zealot x5  
  299  8:55  Zealot x2  
  289  8:56  Zealot x5  
  289  8:57  Zealot x6  
  289  8:58  Zealot x3  
  289  9:00  Nexus  
  275  9:02  Assimilator  
  275  9:07  Assimilator  
  253  9:16  Probe x3 (Chrono Boost)  
  245  9:23  Pylon  
  287  9:26  Pylon  
  287  9:28  Pylon  
  287  9:29  Pylon x2  
  298  9:31  Photon Cannon  
  298  9:32  Photon Cannon, Pylon  
  298  9:33  Photon Cannon  
  298  9:34  Photon Cannon  
  298  9:35  Photon Cannon  
  298  9:36  Photon Cannon  
  294  9:38  Photon Cannon  
  294  9:39  Photon Cannon x2  
Tags
 
Add a new tag
Caveats
  • Supply blocks, unpowered buildings, or Contaminate may cause inaccurate times.
  • Supply counts are checked every 10 seconds.